 Dungeon Crawl Stone Soup version 0.19.0-19-g8c6edcc (webtiles) character file.

13976 Charly the Severer (level 11, -35/153 HPs)
             Began as a Minotaur Berserker on Nov 12, 2016.
             Was a High Priest of Trog.
             Annihilated by a very large slime creature (45 damage)
             ... on level 13 of the Dungeon.
             The game lasted 00:39:53 (2129 turns).

Charly the Severer (Minotaur Berserker)             Turns: 2129, Time: 00:39:54

Health: -35/153    AC:  8    Str: 27    XL:     11   Next: 82%
Magic:  10/10      EV: 19    Int:  4    God:    Trog [*****.]
Gold:   244        SH:  0    Dex: 19    Spells: 0 memorised, 10 levels left

rFire  x x .     SeeInvis .     a - +0 battleaxe (freeze)
rCold  + + .     Gourm    .     x - +0 troll leather armour
rNeg   . . .     Faith    +     (shield currently unavailable)
rPois  +         Spirit   .     C - +2 hat
rElec  .         Reflect  .     r - +1 cloak {rC+}
rCorr  .         Harm     .     (no gloves)
MR     .....                    (no boots)
Stlth  ..........               o - amulet of Efem {Faith rPois rF- Dex+6 Slay+5}
                                (no ring)
                                c - ring of ice

@: berserking, very quick
A: retaliatory headbutt, horns 2
a: Berserk, Trog's Hand, Brothers in Arms, Burn Spellbooks, Renounce Religion


You were on level 13 of the Dungeon.
You worshipped Trog.
Trog was extremely pleased with you.
You were hungry.

You visited 1 branch of the dungeon, and saw 14 of its levels.
You also visited: Bailey and Ice Cave.

You collected 244 gold pieces.

Inventory:

Hand Weapons
 a - a +0 battleaxe of freezing (weapon)
 b - a +0 battleaxe of venom
Missiles
 m - 5 silver javelins
Armour
 l - the +1 leather armour of Eternity {*Drain +Fly rF++ rN+}
   (You found it in a bailey)

   It greatly protects you from fire.
   It protects you from negative energy.
   It lets you fly.
   It causes draining when unequipped.
 r - a +1 cloak of cold resistance (worn)
 v - the +7 leather armour "Tienif" {rCorr Str+2}
   (You found it in a bailey)

   It affects your strength (+2).
   It protects you from acid and corrosion.
 x - a +0 troll leather armour (worn)
 C - a +2 hat (worn)
Jewellery
 c - a ring of ice (left hand)
 o - the amulet of Efem (around neck) {Faith rPois rF- Dex+6 Slay+5}
   (You found it on level 6 of the Dungeon)

   [amulet of faith]

   It allows you to gain divine favour quickly.
   It affects your dexterity (+6).
   It affects your accuracy and damage with ranged weapons and melee attacks
   (+5).
   It makes you vulnerable to fire.
   It protects you from poison.
 s - a +4 amulet of reflection {unknown}
Wands
 k - a wand of slowing (0/48)
 p - a wand of polymorph (0/24)
 t - a wand of iceblast (1/15)
 A - a wand of disintegration (9/24)
Scrolls
 d - 2 scrolls of recharging
 e - 2 scrolls of magic mapping
 i - a scroll of remove curse
 q - a scroll of teleportation
Potions
 f - a potion of curing
 g - a potion of brilliance {unknown}
 h - 3 potions of resistance {unknown}
 j - a potion of beneficial mutation {unknown}
 n - 3 potions of might {unknown}
 u - a potion of invisibility
 B - 2 potions of heal wounds
 D - a potion of mutation
Books
 w - a book of Necromancy (quivered)

   Spells                             Type                      Level
   a - Pain                           Necromancy                   1
   b - Animate Skeleton               Necromancy                   1
   c - Vampiric Draining              Necromancy                   3
   d - Regeneration                   Charms/Necromancy            3
   e - Animate Dead                   Necromancy                   4
   f - Control Undead                 Necromancy                   4
   Trog disapproves of the use of such an item.
Comestibles
 y - 2 bread rations


   Skills:
 + Level 11.5 Fighting
 * Level 16.5 Axes
 + Level 4.3 Armour
 + Level 9.1 Dodging


You had 10 spell levels left.
You didn't know any spells.

Dungeon Overview and Level Annotations

Branches:
Dungeon (14/15)            Temple (0/1) D:7
   Lair: D:8-11         Orc: D:9-12      Vaults: D:13-14

Altars:
Cheibriados
Gozag
Ru
Yredelemnul

Shops:
D:5 *

Annotations:
D:7 3 exclusions
D:12 2 exclusions
D:13 exclusion: downstairs


Innate Abilities, Weirdness & Mutations

You reflexively headbutt those who attack you in melee.
You have a pair of horns on your head.


Message History

The very large slime creature hits you!!!
* * * LOW HITPOINT WARNING * * *
Unknown command.
Unknown command.
You slice the very large slime creature!!
You freeze the very large slime creature!
You headbutt the very large slime creature!
The very large slime creature is almost dead.
You slash the large slime creature! You freeze the large slime creature.
You slash the big kobold! You freeze the big kobold.
The large slime creature hits you!!
* * * LOW HITPOINT WARNING * * *
Unknown command.
You barely miss the big kobold.
The big kobold is heavily wounded.
You slash the large slime creature! You freeze the large slime creature!
You slash the very large slime creature!
You freeze the very large slime creature.
The very large slime creature hits you!!!
You die... #.# ..# ###+##### .## #.......# ..## #.......# ... #.......+ ..# #..K.KK.# ).# #.KKJKJ.#

###.# #@# #.<.# ##.#
#..### #..# #..# #.##
#.# #.# ##+######
######'### #.......#
#........# #.<.....+
#........# ###.......#
#........####.'.......#


You could see a very large slime creature, a large slime creature, a big kobold
and 5 kobolds.

Vanquished Creatures
  A frost giant (IceCv)
  Urug (D:12)
  A hill giant (D:13)
  A cyclops (D:13)
  A manticore (D:13)
  2 ugly things
  2 ice statues (IceCv)
  A gargoyle (D:12)
  A tengu conjurer (D:13)
  2 trolls (D:13)
  12 polar bears (IceCv)
  A slime creature (D:13)
  A hornet (D:12)
  Sigmund (D:7)
  A wraith (D:12)
  18 yaks
  A hungry ghost (D:12)
  3 orc warriors (Bailey)
  3 ice beasts
  A sky beast (D:12)
  An eye of draining (D:13)
  An ogre (D:12)
  A black bear (D:12)
  2 centaurs
  9 wolves (IceCv)
  4 bullfrogs
  A gnoll sergeant (D:7)
  2 scorpions
  A howler monkey (D:6)
  A crimson imp (D:7)
  A quasit (D:8)
  An orc priest (D:12)
  2 centaur zombies
  2 jellies
  A gnoll shaman (D:7)
  2 hounds (D:12)
  4 orc wizards
  4 worker ants
  11 gnolls
  2 adders
  3 shadow imps
  An adder skeleton (D:7)
  A worm (D:5)
  A dart slug (D:1)
  2 leopard geckos
  13 orcs
  A goblin (D:7)
  2 hobgoblins
  5 kobolds
  3 quokkas
  2 ball pythons
  A bat (D:2)
  A frilled lizard (D:3)
  A leopard gecko skeleton (D:5)
  2 rats (D:3)
147 creatures vanquished.

Notes
Turn   | Place    | Note
-------+----------+-------------------------------------------
     0 | D:1      | Charly the Minotaur Berserker began the quest for the Orb.
     0 | D:1      | Reached XP level 1. HP: 19/19 MP: 0/0
    89 | D:3      | Reached skill level 4 in Axes
   151 | D:3      | Reached XP level 2. HP: 23/26 MP: 1/1
   183 | D:4      | Reached skill level 5 in Axes
   183 | D:4      | Reached XP level 3. HP: 31/31 MP: 2/2
   185 | D:4      | Reached skill level 6 in Axes
   185 | D:4      | Reached XP level 4. HP: 39/39 MP: 3/3
   213 | D:5      | Entered Level 5 of the Dungeon
   225 | D:5      | Found Aplirghai's Assorted Antiques.
   240 | D:4      | Found a basalt altar of Yredelemnul.
   269 | D:6      | Reached skill level 7 in Axes
   269 | D:6      | Reached XP level 5. HP: 26/45 MP: 4/4
   292 | D:6      | Got a translucent lead amulet
   293 | D:6      | Identified the amulet of Efem {Faith rPois rF- Dex+6 Slay+5} (You found it on level 6 of the Dungeon)
   310 | D:7      | Found an opulent altar of Gozag.
   318 | D:6      | Reached ** piety under Trog
   368 | D:7      | Reached skill level 8 in Axes
   368 | D:7      | Reached XP level 6. HP: 46/53 MP: 5/5
   393 | D:7      | Found a snail-covered altar of Cheibriados.
   394 | D:7      | Found a staircase to the Ecumenical Temple.
   527 | D:7      | Reached skill level 5 in Fighting
   527 | D:7      | Reached XP level 7. HP: 38/61 MP: 6/6
   531 | D:7      | Found a flagged portal.
   535 | D:7      | Reached skill level 9 in Axes
   571 | Bailey   | Entered a bailey
   691 | Bailey   | Reached skill level 10 in Axes
   695 | Bailey   | Got an ancient leather armour
   706 | Bailey   | Identified the +7 leather armour "Tienif" {rCorr Str+2} (You found it in a bailey)
   721 | Bailey   | Found a burning altar of Makhleb.
   730 | Bailey   | Got a warped leather armour
   788 | D:7      | Noticed Sigmund
   788 | D:7      | Reached XP level 8. HP: 71/71 MP: 5/7
   796 | D:7      | Killed Sigmund
   824 | D:7      | Reached skill level 11 in Axes
   901 | D:9      | Found a sacrificial altar of Ru.
   909 | D:9      | Reached *** piety under Trog
   967 | D:10     | Entered Level 10 of the Dungeon
  1129 | D:12     | Reached skill level 12 in Axes
  1129 | D:12     | Reached XP level 9. HP: 65/80 MP: 8/8
  1140 | D:12     | Identified the +1 leather armour of Eternity {*Drain +Fly rF++ rN+} (You found it in a bailey)
  1245 | D:12     | Noticed Urug
  1251 | D:12     | Killed Urug
  1251 | D:12     | Reached skill level 13 in Axes
  1251 | D:12     | Reached skill level 5 in Dodging
  1262 | D:12     | Noticed a white ugly thing
  1316 | D:12     | Killed a white ugly thing
  1323 | D:12     | Noticed a gargoyle
  1326 | D:12     | Killed a gargoyle
  1355 | D:12     | Reached XP level 10. HP: 58/91 MP: 9/9
  1360 | D:12     | Found a frozen archway.
  1369 | IceCv    | Entered an ice cave
  1381 | IceCv    | Reached **** piety under Trog
  1389 | IceCv    | Reached skill level 14 in Axes
  1396 | IceCv    | Noticed an ice statue
  1437 | IceCv    | Killed an ice statue
  1440 | IceCv    | Noticed an ice statue
  1483 | IceCv    | Killed an ice statue
  1483 | IceCv    | Reached skill level 10 in Fighting
  1659 | IceCv    | Reached skill level 15 in Axes
  1673 | IceCv    | Reached XP level 11. HP: 100/101 MP: 10/10
  1705 | IceCv    | Noticed a frost giant
  1717 | IceCv    | Killed a frost giant
  1929 | D:13     | Reached skill level 16 in Axes
  1986 | D:13     | Noticed a hill giant
  1990 | D:13     | Killed a hill giant
  2005 | D:13     | Reached ***** piety under Trog
  2033 | D:14     | Noticed a six-headed hydra
  2033 | D:14     | Noticed a hill giant
  2033 | D:14     | Noticed a brown ugly thing
  2033 | D:14     | Noticed a brown ugly thing
  2033 | D:14     | Noticed a brown ugly thing
  2033 | D:14     | Noticed a brown ugly thing
  2033 | D:14     | Noticed a brown ugly thing
  2033 | D:14     | Noticed a brown ugly thing
  2033 | D:14     | Noticed a white ugly thing
  2033 | D:14     | Noticed a white ugly thing
  2033 | D:14     | Noticed a white ugly thing
  2033 | D:14     | Noticed a white ugly thing
  2033 | D:14     | Noticed a white ugly thing
  2041 | D:13     | Killed a white ugly thing
  2129 | D:13     | Annihilated by a very large slime creature

Skill      XL: |  1  2  3  4  5  6  7  8  9 10 11 |
---------------+----------------------------------+-----
Axes           | 4 5 6 7 8 10 12 13 15 16 | 16.5
Fighting       | 4 5 6 7 9 10 11 | 11.5
Dodging        | 3 5 7 9 |  9.1
Armour         | 4 |  4.3

Action                   |  1- 3 |  4- 6 |  7- 9 | 10-12 || total
-------------------------+-------+-------+-------+-------++-------
Melee: Hand axe          |    20 |    32 |    11 |       ||    63
       Headbutt          |     4 |     7 |    28 |    39 ||    78
       Battleaxe         |       |       |    98 |   115 ||   213
Invok: Berserk           |     1 |     3 |     7 |     8 ||    19
       Burn Spellbooks   |       |     1 |       |     1 ||     2
       Trog's Hand       |       |       |     4 |     4 ||     8
Evoke: Wand              |       |       |    15 |    10 ||    25
  Use: Scroll            |       |     1 |    10 |     1 ||    12
       Potion            |       |       |     1 |     1 ||     2
 Stab: Sleeping          |       |     1 |       |       ||     1
  Eat: Chunk             |       |     2 |     7 |     7 ||    16
       Fruit             |       |       |     3 |       ||     3
       Royal jelly       |       |       |     1 |       ||     1
       Bread ration      |       |       |       |     1 ||     1
Armor: Animal skin       |     4 |     4 |     5 |       ||    13
       Chain mail        |       |       |     7 |       ||     7
       Leather armour    |       |       |    40 |    46 ||    86
       Troll leather arm |       |       |       |     2 ||     2
Dodge: Dodged            |    10 |    18 |   119 |   118 ||   265
